 Dungeon Crawl Stone Soup version 0.29.1-13-g9f3cf754e1 (webtiles) character file.

Game seed: 8931931319448772265

793 flickminster the Ruffian (level 7, -4/67 HPs)
             Began as a Troll Transmuter on Feb 5, 2023.
             Was a Follower of Jiyva.
             Slain by a gnoll sergeant
             ... wielding a +0 spear
              (14 damage)
             ... on level 6 of the Dungeon.
             The game lasted 00:21:11 (2765 turns).

flickminster the Ruffian (Troll Transmuter)         Turns: 2765, Time: 00:21:11

Health: -4/67      AC:  4    Str: 19    XL:     7   Next: 57%
Magic:  9/9        EV: 10    Int:  9    God:    Jiyva [*.....]
Gold:   75         SH:  0    Dex: 12    Spells: 10/11 levels left

rFire   . . .      SeeInvis .     - Unarmed
rCold   . . .      Faith    .   (no shield)
rNeg    . . .      Spirit   .   a - +0 robe
rPois   .          Reflect  .   (helmet currently unavailable)
rElec   .          Harm     .   (no cloak)
rCorr   .          Rampage  .   (gloves unavailable)
Will    .....                   (boots unavailable)
Stlth   +.........              (no amulet)
HPRegen 1.81/turn               (no ring)
MPRegen 0.36/turn               (no ring)

@: appendages (expiring)
A: horns 2, talons 2, large, unfitting armour, claws 3, regeneration 1, shaggy
fur 1, tough skin 1
a: End Transformation, Renounce Religion


You were on level 6 of the Dungeon.
You worshipped Jiyva.
Jiyva was aware of your devotion.
You had temporarily grown beastly horns and talons.
You visited 2 branches of the dungeon, and saw 6 of its levels.
You also visited: Sewer.

You collected 75 gold pieces.

Inventory:

Missiles
 l - 6 silver boomerangs (quivered)
Armour
 a - a +0 robe (worn)
 j - a scarf of invisibility
Scrolls
 e - 5 scrolls of identify
 g - a scroll of amnesia {unknown}
 n - a scroll of poison {unknown}
Potions
 b - a potion of lignification
 c - a potion of heal wounds {unknown}
 d - 3 potions of cancellation {unknown}
 f - a potion of flight {unknown}
 h - a potion of curing
 i - a potion of brilliance {unknown}
 k - a potion of degeneration
 m - a potion of invisibility {unknown}
 o - 2 potions of mutation {unknown}


   Skills:
 + Level 3.1 Fighting
 + Level 3.4 Dodging
 + Level 4.8 Unarmed Combat
 + Level 2.6 Spellcasting
 + Level 3.1 Transmutations


You had 10 spell levels left.
You knew the following spells:

 Your Spells              Type           Power      Damage    Failure   Level
a - Beastly Appendage     Tmut           12%        N/A       9%          1

Your spell library contained the following spells:

 Spells                   Type           Power      Damage    Failure   Level
 Wereblood                Tmut           6%         N/A       13%         2
 Passwall                 Tmut/Erth      3%         N/A       26%         2
 Sandblast                Erth           2%         2d4       32%         1
 Sublimation of Blood     Necr           1%         N/A       43%         2
 Spider Form              Tmut/Pois      4%         N/A       45%         3
 Stone Arrow              Conj/Erth      2%         3d7       67%         3
 Ice Form                 Ice/Tmut       4%         N/A       86%         4
 Petrify                  Tmut/Erth      4%         N/A       86%         4
 Animate Armour           Summ/Erth      2%         N/A       97%         4
 Irradiate                Conj/Tmut      2%         3d12      99%         5
 Lehudib's Crystal Spear  Conj/Erth      0%         10d2      100%        8


Dungeon Overview and Level Annotations

Branches:
Dungeon (6/15)             Temple (1/1) D:5           Sewer (visited)

Altars:
Ashenzari
Cheibriados
Dithmenos
Gozag
Hepliaklqana
Kikubaaqudgha
Makhleb
Qazlal
Sif Muna
Uskayaw
Vehumet
Wu Jian
Xom
Yredelemnul
Zin


Innate Abilities, Weirdness & Mutations

You have temporarily grown beastly horns and talons.
You are too large for most types of armour.
You have claws for hands.
Your natural rate of healing is unusually fast.
You are covered in fur. (AC +1)
You have tough skin. (AC +1)


Message History

Casting: Beastly Appendage (safe; 9% risk of failure)
Confirm with . or Enter, or press ? or * to list all spells.
You grow a pair of large bovine horns.
Your feet morph into talons.
The gnoll hits you but does no damage.
The gnoll sergeant hits you from afar with a +0 spear.
* * * LOW HITPOINT WARNING * * *
The gnoll hits you with a +0 club.
* * * LOW HITPOINT WARNING * * *
You feel better. The gnoll barely misses you.
The gnoll sergeant hits you from afar with a +0 spear!
* * * LOW HITPOINT WARNING * * *
The gnoll hits you with a +0 club.
* * * LOW HITPOINT WARNING * * *
You scratch the gnoll.
The gnoll is almost dead.
You scratch the gnoll.
You kill the gnoll!
The gnoll closely misses you. The gnoll sergeant closely misses you.
You scratch the gnoll but do no damage. You claw the gnoll.
The gnoll is moderately wounded.
Your transformation is almost over.
The gnoll hits you with a +0 club.
* * * LOW HITPOINT WARNING * * *
The gnoll sergeant hits you from afar with a +0 spear!
* * * LOW HITPOINT WARNING * * *
You scratch the gnoll. Your kick misses the gnoll.
The gnoll is heavily wounded.
The gnoll hits you with a +0 club.
* * * LOW HITPOINT WARNING * * *
You hear a distant slurping noise.
The gnoll sergeant barely misses you.
You scratch the gnoll. Your headbutt misses the gnoll.
The gnoll is severely wounded.
The gnoll hits you with a +0 club.
* * * LOW HITPOINT WARNING * * *
The gnoll sergeant hits you but does no damage.
You claw the gnoll!
You kill the gnoll!
The gnoll sergeant hits you from afar with a +0 spear!
You die...

.....# .....#
.....###+ #........
#........ #g.......
#))...... #@)......
########........
###.#........#####
...#...#........#
....#...#........#
#........#........#
..⌠..~.~..........#
#...~~≈~..........#
#..~≈≈≈..........#


You could see a gnoll sergeant.

Vanquished Creatures
  An ice beast (D:5)
  2 ogres (D:5)
  3 scorpions
  An orc priest (D:5)
  2 jellies (Sewer)
  An orc wizard (D:5)
  3 iguanas
  5 gnolls (D:6)
  4 adders
  3 worms
  3 dart slugs
  3 orcs
  8 bats
  13 endoplasms
  2 giant cockroaches
  3 goblins (D:1)
  4 hobgoblins
  6 jackals
  2 quokkas (D:1)
  8 ball pythons
  4 frilled lizards
  A kobold (D:2)
  10 rats
92 creatures vanquished.

Vanquished Creatures (others)
  An adder (D:5)
  A rat (Sewer)
2 creatures vanquished.

Grand Total: 94 creatures vanquished

Notes
Turn   | Place    | Note
-------+----------+-------------------------------------------
     0 | D:1      | flickminster the Troll Transmuter began the quest for the
                  | Orb.
     0 | D:1      | Reached XP level 1. HP: 18/18 MP: 1/1
    77 | D:1      | Reached skill level 1 in Fighting
    82 | D:1      | Reached XP level 2. HP: 27/27 MP: 0/3
   757 | D:1      | Reached XP level 3. HP: 33/33 MP: 1/4
  1110 | D:2      | You fall into a shaft and drop 2 floors!
  1111 | D:4      | Noticed a scorpion
  1113 | D:4      | Noticed a scorpion
  1125 | D:4      | Killed a scorpion
  1126 | D:4      | Reached XP level 4. HP: 38/42 MP: 3/5
  1129 | D:4      | Killed a scorpion
  1130 | D:4      | Reached XP level 5. HP: 22/49 MP: 3/6
  1251 | D:4      | Found a shimmering altar of Xom.
  1511 | D:4      | Found a glowing drain.
  1521 | Sewer    | Entered a sewer
  1632 | Sewer    | Found a viscous altar of Jiyva.
  1637 | Sewer    | Reached skill level 4 in Unarmed Combat
  1645 | Sewer    | Reached XP level 6. HP: 49/57 MP: 8/8
  1668 | Sewer    | Became a worshipper of Jiyva Jeymiseb the Shapeless
  1952 | D:5      | Entered Level 5 of the Dungeon
  2119 | D:5      | Noticed an ice beast
  2123 | D:5      | Killed an ice beast
  2124 | D:5      | Reached XP level 7. HP: 51/66 MP: 7/9
  2336 | D:5      | Found a staircase to the Ecumenical Temple.
  2337 | D:5      | Reached * piety under Jiyva
  2623 | Temple   | Entered the Ecumenical Temple
  2725 | D:6      | Found an ancient bone altar of Kikubaaqudgha.
  2765 | D:6      | Slain by a gnoll sergeant

Illustrated notes

Levels and vault maps discovered:
D:1:      saegor_arrival_under_anarchy, layout_basic, serial_forest,
          infiniplex_forest_lined_2, infiniplex_forest_straight_2,
          infiniplex_forest_straight_2, infiniplex_forest_end_3,
          infiniplex_forest_lined_2, infiniplex_forest_straight_2,
          grunt_decor_fettered, item_on_display_a
D:2:      layout_basic
D:4:      layout_cave_pools, old_standard_altar, cheibrodos_sewer_entry_bend
D:5:      layout_basic, minmay_temple_entry_waves, minmay_increasing_density
D:6:      layout_gridville, kiku_gazebo_pond_becter, serial_shops,
          kennysheep_little_box, uniq_eustachio
Temple:   cyrus_circular_temple

Skill      XL: |  1  2  3  4  5  6  7 |
---------------+----------------------+-----
Fighting       | 1 2 3 |  3.1
Dodging        | 2 3 |  3.4
Transmutations | 2 3 |  3.1
Spellcasting   | 2 |  2.6
Unarmed Combat | 4 |  4.8

Action                   |  1- 3 |  4- 6 |  7- 9 || total
-------------------------+-------+-------+-------++-------
Melee: Unarmed           |   101 |    65 |    33 ||   199
       Headbutt          |     5 |     9 |     1 ||    15
       Kick              |     3 |    11 |     6 ||    20
       Punch             |     1 |       |     2 ||     3
Throw: Boomerang         |       |    35 |     8 ||    43
 Cast: Beastly Appendage |    10 |    14 |     5 ||    29
  Use: Scroll            |     6 |       |       ||     6
       Potion            |     1 |       |     1 ||     2
Armor: Robe              |    55 |     5 |     2 ||    62
Dodge: Dodged            |    68 |    28 |    20 ||   116
